 Dungeon Crawl Stone Soup version 0.18-a0-1685-g4482fe3 (webtiles) character file.

1344 4thArraOfDagon the Cleaver (level 8, 71/71 HPs)
             Began as a Hill Orc Berserker on Apr 4, 2016.
             Was a Follower of Trog.
             Quit the game in a labyrinth.
             The game lasted 00:12:43 (2536 turns).

4thArraOfDagon the Cleaver (Hill Orc Berserker)     Turns: 2536, Time: 00:12:44

Health: 71/71      AC:  8    Str: 22    XL:     8   Next: 62%
Magic:  12/12      EV: 11    Int:  7    God:    Trog [*.....]
Gold:   98         SH:  0    Dex: 10    Spells: 0 memorised, 7 levels left

rFire  . . .     SeeInvis .     l - +0 war axe
rCold  . . .     Gourm    .     a - +0 ring mail
rNeg   . . .     Faith    .     (no shield)
rPois  .         Spirit   .     r - +0 helmet
rElec  .         Dismiss  .     (no cloak)
rCorr  .         Reflect  .     (no gloves)
SustAt .         Harm     .     m - +0 pair of boots
MR     .....                    (no amulet)
Stlth  ..........               (no ring)
                                (no ring)

@: not resistant to hostile enchantments, extremely unstealthy
A: no striking features
a: Berserk, Burn Spellbooks, Renounce Religion


You were in a labyrinth.
You worshipped Trog.
Trog was aware of your devotion.
You were not hungry.

You visited 1 branch of the dungeon, and saw 12 of its levels.
You also visited: Labyrinth.

You collected 98 gold pieces.

Inventory:

Hand Weapons
 b - a +2 hand axe of flaming
 l - a +0 war axe (weapon)
Armour
 a - a +0 ring mail (worn)
 m - a +0 pair of boots (worn)
 r - a +0 helmet (worn)
Wands
 o - a wand of paralysis (0/24)
Potions
 e - 3 potions of degeneration {unknown}
 g - 2 potions of cure mutation {unknown}
 h - a potion of flight {unknown}
 i - a potion of magic {unknown}
 j - 2 potions of brilliance {unknown}
 k - a potion of agility {unknown}
 p - 2 potions of curing {unknown}
 q - a potion of haste {unknown}
Comestibles
 c - 3 bread rations


   Skills:
 + Level 6.3 Fighting
 * Level 8.7 Axes
 + Level 5.0 Armour
 - Level 1.5 Dodging
 + Level 5.6 Evocations


You had 7 spell levels left.
You didn't know any spells.

Dungeon Overview and Level Annotations

Branches:
Dungeon (12/15)            Temple (0/1) D:4             Orc (0/2) D:12
   Lair: D:8-11

Altars:
Elyvilon
Fedhas
Sif Muna


Message History

You feel the effects of Trog's Hand fading.
Your skin stops crawling.
You feel less resistant to hostile enchantments.
You aren't carrying any spellbooks or scrolls.
Unknown command.
Evoke which item? (* to show all) (? for menu, Esc to quit)
Okay, then.
You feel a sudden draft!
The floor suddenly vibrates beneath you!
Unknown command.
You feel a sudden draft!
Enter note: ROTFL Unknown command.
Unknown command.
Enter note: +500
Enter note: and another +500 The floor suddenly vibrates beneath you!
Enter note: FUCK You feel a sudden draft!
Are you sure you want to abandon this character and quit the game? (Confirm with "yes".)

▓▓▓▓ ▓▓▓▓ ▓▓▓▓▓▓▓▓▓▓▓
..#.......#.........▓
#.#.###.###.###@###.▓
.#...#. .#...#...# #
# ##. ##.###.###
#.....#...#. #
###.#.#. .# .#
#.#.#.#.# ## # #.#
###.# . .#... ...#
##. .# #.#.###


There were no monsters in sight!

Vanquished Creatures
  A gargoyle (D:11)
  2 slime creatures
  A water moccasin (D:9)
  An orc warrior (D:12)
  A centaur (D:7)
  A big kobold (D:11)
  A giant frog (D:9)
  A howler monkey (D:10)
  A giant frog zombie (D:11)
  A jelly (D:9)
  A centaur zombie (D:11)
  An orc priest (D:12)
  2 hounds
  An orc wizard (D:12)
  A worker ant (D:11)
  A shadow imp (D:12)
  2 oozes (D:2)
  An adder skeleton (D:9)
  5 orcs
  2 ball pythons
  A giant cockroach (D:2)
  2 goblins
  A hobgoblin (D:2)
  3 jackals (D:11)
  2 giant newts (D:1)
  9 kobolds
  A rat (D:1)
47 creatures vanquished.

Notes
Turn   | Place    | Note
--------------------------------------------------------------
     0 | D:1      | 4thArraOfDagon the Hill Orc Berserker began the quest for the Orb.
     0 | D:1      | Reached XP level 1. HP: 19/19 MP: 1/1
   219 | D:2      | Reached XP level 2. HP: 18/27 MP: 2/2
   254 | D:2      | You fall through a shaft!
   399 | D:4      | Found a blossoming altar of Fedhas.
   404 | D:4      | Found a staircase to the Ecumenical Temple.
   448 | D:5      | Entered Level 5 of the Dungeon
   470 | D:4      | Reached XP level 3. HP: 19/33 MP: 3/3
   511 | D:4      | Found a deep blue altar of Sif Muna.
   668 | D:7      | Noticed a centaur
   681 | D:7      | Killed a centaur
   681 | D:7      | Reached skill level 5 in Axes
   681 | D:7      | Reached skill level 1 in Evocations
   681 | D:7      | Reached XP level 4. HP: 31/41 MP: 3/5
   728 | D:9      | Noticed a giant frog
   733 | D:9      | Killed a giant frog
   733 | D:9      | Reached XP level 5. HP: 47/47 MP: 6/6
   772 | D:9      | Found a white marble altar of Elyvilon.
   808 | D:9      | Noticed a water moccasin
   821 | D:9      | Killed a water moccasin
   821 | D:9      | Reached skill level 6 in Axes
   821 | D:9      | Reached XP level 6. HP: 55/55 MP: 6/8
   884 | D:9      | Reached skill level 5 in Fighting
   964 | D:10     | Entered Level 10 of the Dungeon
  1023 | D:11     | Reached ** piety under Trog
  1032 | D:11     | Reached XP level 7. HP: 61/61 MP: 9/9
  1098 | D:12     | Reached skill level 7 in Axes
  1149 | D:12     | Noticed a yak
  1151 | D:12     | Noticed a wraith
  1151 | D:12     | Noticed a yak
  1242 | D:11     | Noticed a gargoyle
  1269 | D:11     | Killed a gargoyle
  1269 | D:11     | Reached skill level 5 in Evocations
  1269 | D:11     | Reached XP level 8. HP: 15/70 MP: 11/11
  1273 | D:11     | Reached skill level 8 in Axes
  1303 | D:12     | Found a labyrinth entrance.
  1303 | D:12     | Noticed a slime creature
  1317 | D:12     | Killed a slime creature
  1325 | D:12     | Noticed a slime creature
  1369 | D:11     | Killed a slime creature
  1369 | D:11     | Reached skill level 5 in Armour
  1395 | D:12     | Noticed a slime creature
  1400 | Lab      | Entered a labyrinth
  1969 | Lab      | ROTFL
  1986 | Lab      | +500
  1986 | Lab      | and another +500
  2323 | Lab      | FUCK
  2536 | Lab      | Quit the game

Vault maps used:
D:1:      lightli_arrival_boilingwater, minmay_box_of_dots
D:2:      first_bread, uniq_terence
D:3:      old_standard_altar
D:4:      led_sif_pool, lemuel_crystal_altar, lemuel_zombie_altar_yredelemnul,
          gammafunk_temple_overflow_claw, minmay_temple_entry_overgrown
D:5:      kennysheep_mini, minitemple
D:6:      uniq_eustachio
D:7:      fiery_altar_vehumet
D:8:      erik_lair_dragon, basic_altar, uniq_prince_ribbit1
D:9:      elyvilon_altar_4, hangedman_ranch, uniq_erica, uniq_maurice
D:11:     serial_shops, shop
D:12:     orc_0_dummy, lab_entry_generic, serial_shops, shop, fedhas_altar_3,
          uniq_nergalle, uniq_psyche
Lab:      labyrinth_lava_lair, nicolae_lab_garden

Skill      XL: |  1  2  3  4  5  6  7  8 |
---------------+-------------------------+-----
Fighting       | 4 5 6 |  6.3
Axes           | 5 6 7 8 |  8.7
Armour         | 3 4 5 |  5.0
Evocations     | 1 2 3 5 |  5.6
Dodging        | |  1.5

Action                   |  1- 3 |  4- 6 |  7- 9 || total
-------------------------+-------+-------+-------++-------
Melee: Hand axe          |    64 |     9 |       ||    73
       War axe           |       |    31 |    62 ||    93
Invok: Berserk           |     2 |     3 |     4 ||     9
       Trog's Hand       |       |       |     6 ||     6
Evoke: Wand              |     2 |     1 |     9 ||    12
  Use: Scroll            |     2 |       |     2 ||     4
 Stab: Sleeping          |     1 |       |       ||     1
       Paralysed         |     8 |     5 |     6 ||    19
  Eat: Chunk             |     1 |     4 |     4 ||     9
       Meat ration       |       |       |     1 ||     1
       Pizza             |       |       |     1 ||     1
       Beef jerky        |       |       |     1 ||     1
